 Dungeon Crawl Stone Soup version 0.25.1-2-g60ff931df9 (webtiles) character file.

Game seed: 8974154744532831948

22712 Erymatos the Severer (level 12, 0/108 HPs)
             Began as a Minotaur Berserker on Oct 31, 2020.
             Was a High Priest of Trog.
             Slain by a yaktaur (1 damage)
             ... on level 13 of the Dungeon.
             The game lasted 00:53:50 (13738 turns).

Erymatos the Severer (Minotaur Berserker)          Turns: 13738, Time: 00:53:50

Health: 0/108      AC: 21    Str: 26    XL:     12   Next: 65%
Magic:  0/3        EV: 15    Int: 10    God:    Trog [*****.]
Gold:   324        SH: 13    Dex: 15    Spells: 11/11 levels left

rFire    + . .     SeeInvis +   I - +4 broad axe (antimagic)
rCold    + . .     Gourm    .   E - +1 kite shield of Foila Noip {+Fly rF+ Dex+4}
rNeg     + . .     Faith    .   u - +5 chain mail of Life {Int+6}
rPois    +         Spirit   +   (helmet restricted)
rElec    .         Reflect  .   F - +2 cloak {rPois}
rCorr    .         Harm     .   (no gloves)
MR       .....                  H - +0 pair of boots
Stlth    ..........             w - amulet of guardian spirit
HPRegen  0.28/turn              r - ring "Daaheth" {rC+ rN+ SInv}
MPRegen  0.08/turn              J - +4 ring of evasion

@: berserk cooldown, slowed, very slow
A: retaliatory headbutt, horns 2
a: Berserk, Trog's Hand, Brothers in Arms, Renounce Religion, Evoke Flight


You were on level 13 of the Dungeon.
You worshipped Trog.
Trog was extremely pleased with you.
You were not hungry.

You visited 1 branch of the dungeon, and saw 13 of its levels.

You collected 744 gold pieces.
You spent 420 gold pieces at shops.

Inventory:

Hand Weapons
 x - a +0 battleaxe of electrocution
 z - a +5 eveningstar
 I - a +4 antimagic broad axe (weapon)
Armour
 u - the +5 chain mail of Life (worn) {Int+6}
   (You took it off an orc warrior on level 6 of the Dungeon)

   It affects your intelligence (+6).
 E - the +1 kite shield of Foila Noip (worn) {+Fly rF+ Dex+4}
   (You took it off an orc on level 6 of the Dungeon)

   It affects your dexterity (+4).
   It protects you from fire.
   It lets you fly.
 F - a +2 cloak of poison resistance (worn)
 H - a +0 pair of boots (worn)
 K - a +3 ring mail of cold resistance
Jewellery
 j - an uncursed ring of see invisible
 m - an uncursed ring of protection from cold
 r - the ring "Daaheth" (left hand) {rC+ rN+ SInv}
   (You found it on level 10 of the Dungeon)

   [ring of see invisible]

   It protects you from cold.
   It protects you from negative energy.
   It lets you see invisible.
 t - an uncursed ring of fire
 w - an amulet of guardian spirit (around neck)
 J - a +4 ring of evasion (right hand)
 P - a cursed -4 ring of slaying {unknown}
Wands
 b - a wand of disintegration (21)
 s - a wand of iceblast (6)
 y - a wand of polymorph (9)
 B - a wand of flame (26)
 C - a wand of enslavement (13)
 O - a wand of digging (6)
Scrolls
 a - 2 scrolls of immolation
 d - 4 scrolls of teleportation
 f - 3 scrolls of blinking
 g - 4 scrolls of identify
 h - 4 scrolls of enchant armour
 l - 2 scrolls of fog
 n - 3 scrolls of amnesia
 v - a scroll of magic mapping {unknown}
 D - 3 scrolls of enchant weapon {unknown}
 L - 2 scrolls of fear {unknown}
 M - 2 scrolls of remove curse
 Q - a scroll of noise {unknown}
Potions
 e - a potion of brilliance
 i - a potion of stabbing
 k - 5 potions of curing
 o - 2 potions of haste
 p - 2 potions of resistance
 q - 4 potions of mutation
 A - 3 potions of heal wounds
 G - 2 potions of invisibility
 N - a potion of might
Comestibles
 c - 31 rations
 R - 3 chunks of flesh


   Skills:
 + Level 10.8 Fighting
 + Level 17.9 Axes
 * Level 9.7 Armour
 + Level 6.3 Dodging
 - Level 0.2 Stealth
 * Level 7.8 Shields


You had 11 spell levels left.
You didn't know any spells.
Your spell library was empty.

Dungeon Overview and Level Annotations

Branches:
Dungeon (13/15)            Temple (0/1) D:7            Lair (0/6) D:8
    Orc (0/2) D:12         Vaults (0/5) D:13

Altars:
Ashenzari
Elyvilon
Fedhas
Hepliaklqana
Kikubaaqudgha
Makhleb
Nemelex Xobeh
Okawaru
Uskayaw
Yredelemnul
Zin
Beogh

Shops:
D:8 =   D:9 (=   D:12 *

Annotations:
D:9 exclusion: upstairs


Innate Abilities, Weirdness & Mutations

You reflexively headbutt those who attack you in melee.
You have a pair of horns on your head.


Message History

You block the yaktaur's attack.
Unknown command.
You are too injured to fight recklessly!
You hit the yaktaur captain but do no damage.
You headbutt the yaktaur captain, but do no damage.
The yaktaur captain is lightly wounded.
You hit the yaktaur but do no damage. You slash the yaktaur!
The yaktaur hits you but does no damage.
You block the yaktaur captain's attack. You block the yaktaur's attack.
The yaktaur closely misses you. You furiously retaliate!
You headbutt the yaktaur! You slice the yaktaur captain!!
The yaktaur captain is heavily wounded.
You slash the yaktaur!
You kill the yaktaur!
Trog accepts your kill.
You slash the yaktaur! The yaktaur captain hits you!
* * * LOW HITPOINT WARNING * * *
The yaktaur hits you.
You die...

######.##.# ..
#......##.# ...
#.#...(...#
....#.#.......#
....#.........#
.......(......#
.......(......#
.#.#.#.(......#
.......@......#
.#.###cc)...#.#
.. ∩.......#.#
. #......#...#
........#####
.........#
......#####
.....#


You could see a yaktaur captain and a yaktaur.

Vanquished Creatures
  Rupert (D:13)
  Snorg (D:10)
  A hydra (D:8)
  Erica (D:9)
  3 two-headed ogres
  Nergalle (D:10)
  Urug (D:13)
  The ghost of Cykl0x the Slasher, a novice FoFi (D:6)
  A cyclops (D:10)
  An ugly thing (D:11)
  A yaktaur (D:13)
  A troll (D:11)
  2 dream sheep (D:8)
  6 slime creatures
  6 hippogriffs
  16 yaks
  2 vampires (D:12)
  A wraith (D:11)
  2 hungry ghosts
  2 vampire mosquitoes (D:13)
  A water moccasin (D:11)
  Duvessa (D:4)
  9 orc warriors
  3 ice beasts
  4 phantoms
  3 black bears
  6 ogres
  7 centaurs
  A necrophage (D:7)
  8 bullfrogs
  3 big kobolds (D:8)
  A wyvern zombie (D:12)
  A gnoll sergeant (D:12)
  Dowan (D:4)
  3 scorpions
  16 killer bees
  7 wights
  3 howler monkeys
  A bullfrog zombie (D:8)
  6 crimson imps
  9 hounds
  A quasit (D:8)
  3 centaur zombies
  12 orc priests
  11 jellies
  13 orc wizards
  A bullfrog skeleton (D:5)
  4 iguanas
  Ijyb (D:3)
  6 worker ants
  3 worker ant zombies
  Robin (D:2)
  14 gnolls
  14 adders
  2 shadow imps
  14 oozes
  2 adder skeletons (D:9)
  An adder zombie (D:7)
  3 worms
  3 dart slugs
  5 leopard geckos
  54 orcs
  12 bats
  5 giant cockroaches
  28 goblins
  10 hobgoblins
  7 jackals
  8 kobolds
  5 quokkas
  A ball python (D:2)
  5 frilled lizards
  2 jackal skeletons (D:4)
  A quokka skeleton (D:7)
  12 rats
  A spectral orc (D:5)
410 creatures vanquished.

Vanquished Creatures (others)
  3 fungi (D:6)
3 creatures vanquished.

Grand Total: 413 creatures vanquished

Notes
Turn   | Place    | Note
-------+----------+-------------------------------------------
     0 | D:1      | Erymatos the Minotaur Berserker began the quest for the
                  | Orb.
     0 | D:1      | Reached XP level 1. HP: 19/19 MP: 0/0
    82 | D:1      | Reached XP level 2. HP: 24/27 MP: 1/1
   168 | D:1      | Reached skill level 4 in Axes
   691 | D:1      | Reached XP level 3. HP: 33/33 MP: 2/2
   772 | D:1      | Reached ** piety under Trog
  1404 | D:2      | Reached XP level 4. HP: 29/41 MP: 3/3
  1592 | D:2      | Noticed Robin
  1599 | D:2      | Reached *** piety under Trog
  1603 | D:2      | Killed Robin
  1795 | D:2      | Found an iron altar of Okawaru.
  1859 | D:2      | Found a glowing silver altar of Zin.
  1883 | D:2      | Reached skill level 5 in Axes
  2032 | D:3      | Reached XP level 5. HP: 39/47 MP: 4/4
  2470 | D:3      | Reached skill level 5 in Fighting
  2633 | D:3      | Reached **** piety under Trog
  2762 | D:3      | Noticed Ijyb
  2773 | D:3      | Killed Ijyb
  2773 | D:3      | Reached skill level 6 in Axes
  2943 | D:3      | Found a shattered altar of Ashenzari.
  3309 | D:4      | Reached XP level 6. HP: 55/56 MP: 5/5
  3410 | D:4      | Noticed Duvessa
  3410 | D:4      | Noticed Dowan
  3414 | D:4      | Killed Duvessa
  3419 | D:4      | Killed Dowan
  3419 | D:4      | Reached skill level 7 in Axes
  3522 | D:4      | Found a sparkling altar of Nemelex Xobeh.
  3779 | D:4      | Reached XP level 7. HP: 52/61 MP: 6/6
  3966 | D:4      | Found a blossoming altar of Fedhas.
  4292 | D:5      | Entered Level 5 of the Dungeon
  4304 | D:5      | Reached skill level 8 in Axes
  4579 | D:5      | Reached skill level 5 in Armour
  4652 | D:5      | Found an ancient bone altar of Kikubaaqudgha.
  4725 | D:5      | Found a basalt altar of Yredelemnul.
  4831 | D:5      | Reached skill level 9 in Axes
  5102 | D:6      | Found a runed translucent gate.
  5102 | D:6      | Noticed Cykl0x's ghost (novice FoFi)
  5104 | D:6      | Identified the +5 chain mail of Life {Int+6}
  5105 | D:6      | Found a runed translucent gate.
  5106 | D:6      | Found a runed translucent gate.
  5114 | D:6      | Reached XP level 8. HP: 69/70 MP: 7/7
  5129 | D:6      | Noticed a slime creature
  5144 | D:6      | Killed a slime creature
  5157 | D:6      | Reached skill level 10 in Axes
  5297 | D:6      | Identified the +1 kite shield of Foila Noip {+Fly rF+
                  | Dex+4}
  5304 | D:6      | Reached skill level 11 in Axes
  5310 | D:6      | Reached ***** piety under Trog
  5545 | D:6      | Reached XP level 9. HP: 77/77 MP: 8/8
  5858 | D:6      | Reached skill level 12 in Axes
  6197 | D:6      | Found a roughly hewn altar of Beogh.
  6212 | D:6      | Killed Cykl0x's ghost
  6524 | D:7      | Found a staircase to the Ecumenical Temple.
  6596 | D:7      | Reached skill level 13 in Axes
  6651 | D:7      | You fall into a shaft and drop 3 floors!
  6651 | D:10     | Entered Level 10 of the Dungeon
  6781 | D:9      | Found a shattered altar of Ashenzari.
  6828 | D:9      | Found Cegig's Jewellery Shoppe.
  6917 | D:9      | Noticed Erica
  6937 | D:9      | Killed Erica
  6937 | D:9      | Reached skill level 1 in Shields
  6937 | D:9      | Reached XP level 10. HP: 86/86 MP: 9/9
  7278 | D:9      | Noticed a two-headed ogre
  7291 | D:9      | Killed a two-headed ogre
  7291 | D:9      | Reached skill level 14 in Axes
  7474 | D:9      | Received a gift from Trog
  7606 | D:9      | Found Jigusu's Antique Weapon Shop.
  7622 | D:9      | Reached skill level 5 in Dodging
  8430 | D:8      | Reached skill level 15 in Axes
  8650 | D:8      | Noticed a three-headed hydra
  8659 | D:8      | Killed a nine-headed hydra
  8794 | D:8      | Found a burning altar of Makhleb.
  8831 | D:8      | Found a hazy altar of Hepliaklqana.
  8838 | D:8      | Reached XP level 11. HP: 93/95 MP: 3/10
  8848 | D:8      | Found Ocla's Jewellery Shop.
  8904 | D:8      | Found a white marble altar of Elyvilon.
  8983 | D:8      | Found a staircase to the Lair.
  9068 | D:8      | Found a hide-covered altar of Uskayaw.
  9600 | D:10     | Received a gift from Trog
  9704 | D:10     | Reached skill level 16 in Axes
 10075 | D:10     | Noticed Nergalle
 10083 | D:10     | Killed Nergalle
 10106 | D:10     | Got a bound ivory ring
 10108 | D:10     | Identified the ring "Daaheth" {rC+ rN+ SInv} (You found it
                  | on level 10 of the Dungeon)
 10293 | D:10     | Noticed Snorg
 10304 | D:10     | Killed Snorg
 11192 | D:11     | Noticed a two-headed ogre
 11201 | D:11     | Killed a two-headed ogre
 11201 | D:11     | Reached skill level 5 in Shields
 11397 | D:11     | Found a glowing silver altar of Zin.
 11557 | D:11     | Reached skill level 17 in Axes
 11940 | D:11     | Noticed a brown ugly thing
 11952 | D:11     | Killed a brown ugly thing
 12240 | D:12     | Found Itotzi's Blood Bar.
 12260 | D:12     | Reached XP level 12. HP: 106/106 MP: 3/11
 12486 | D:12     | Reached skill level 10 in Fighting
 12659 | D:12     | Noticed a two-headed ogre
 12667 | D:12     | Killed a two-headed ogre
 12717 | D:12     | Received a gift from Trog
 12764 | D:12     | Found a staircase to the Orcish Mines.
 13307 | D:9      | Bought an uncursed amulet of guardian spirit for 420 gold
                  | pieces
 13524 | D:13     | Noticed Urug
 13536 | D:13     | Killed Urug
 13712 | D:13     | Noticed Rupert
 13721 | D:13     | Killed Rupert
 13730 | D:13     | Noticed a yaktaur captain
 13734 | D:13     | Found a gate to the Vaults.
 13738 | D:13     | HP: 1/108 [yaktaur captain (16)]
 13738 | D:13     | Slain by a yaktaur

Illustrated notes

Levels and vault maps discovered:
D:1:      wander_arrival_desolate, layout_basic, lemuel_another_geyser
D:2:      layout_basic, nicolae_overflow_hidden_temple, uniq_robin
D:3:      kennysheep_goblin_castle, layout_rooms, first_ration,
          cheibrodos_ashenzari_chains, uniq_crazy_yiuf_cottage
D:4:      layout_basic, old_standard_altar, old_standard_altar, uniq_duvessa
D:5:      layout_rooms, yredelemnul_forgotten_temple_becter, basic_altar,
          hangedman_decor_peaks_small
D:6:      lemuel_slime, layout_basic, biasface_ghost_orc_armoury, serial_rivers,
          chequers_serial_rivers_room_a, chequers_serial_rivers_micro_e,
          chequers_serial_rivers_micro_c, chequers_serial_rivers_micro_e,
          chequers_serial_rivers_small_3, chequers_serial_rivers_micro_a,
          minmay_misc_feat_diagonals
D:7:      layout_basic, minmay_temple_entry_gardened_gates
D:8:      layout_rooms, elyvilon_altar_4, nicolae_overflow_crystal_walls,
          makhleb_heckhound_becter, kennysheep_mini_moat, lair_entry_dummy,
          serial_shops, shop, hangedman_ranch [blue_anna_fruit_fields],
          grunt_potential
D:9:      layout_irregular_city, lemuel_doored_altar, serial_shops,
          nicolae_shop_waterfront, shop, uniq_erica
D:10:     layout_cave_pods, grunt_ministairs_8, uniq_snorg, uniq_nergalle
D:11:     layout_cave_pods, lemuel_statue_altar
D:12:     layout_big_octagon, david_orc_4, guppyfry_shop_blood
D:13:     layout_stronghold, david_vaults_2, portal_ice_cave_rime,
          abandoned_shop, uniq_urug, uniq_josephine, uniq_rupert

Skill      XL: |  1  2  3  4  5  6  7  8  9 10 11 12 |
---------------+-------------------------------------+-----
Axes           | 4 5 6 7 9 11 13 15 17 | 17.9
Fighting       | 4 5 6 7 8 9 10 | 10.8
Armour         | 3 4 5 6 7 8 9 |  9.7
Dodging        | 3 4 5 6 |  6.3
Shields        | 1 3 6 7 |  7.8
Stealth        | |  0.2

Action                   |  1- 3 |  4- 6 |  7- 9 | 10-12 || total
-------------------------+-------+-------+-------+-------++-------
Melee: Hand axe          |    83 |   116 |    68 |    34 ||   301
       Headbutt          |    12 |    19 |    50 |   122 ||   203
       Battleaxe         |       |    31 |   152 |       ||   183
       Broad axe         |       |       |       |   429 ||   429
Invok: Berserk           |       |     1 |     4 |    10 ||    15
  Use: Scroll            |       |       |     7 |     9 ||    16
  Eat: Chunk             |     2 |     8 |    11 |    30 ||    51
       Ration            |       |       |     1 |     1 ||     2
Armor: Animal skin       |     3 |       |       |       ||     3
       Ring mail         |    13 |    55 |    62 |    68 ||   198
       Scale mail        |       |       |       |    34 ||    34
       Chain mail        |       |       |       |     9 ||     9
Dodge: Dodged            |    71 |   109 |   107 |   215 ||   502
Block: Kite shield       |       |       |    22 |   230 ||   252
